TOP OF THE 1ST |
Bismarck Barons batting - Pitching for La Crosse Loggers : RHP Jaime Martínez
|
Pitching: RHP Jaime Martínez
|
|
Batting: LHB John Frost
|
0-0: Ball 1-0: Ball 2-0: Ball 3-0: Called Strike 3-1: Base on Balls
|
Batting: RHB Norm Francis
|
0-0: Called Strike 0-1: Ball 1-1: Foul Ball, location: 2F 1-2: Strikes out swinging
|
Batting: LHB Edwin Ryan
|
0-0: Ball John Frost is caught stealing 2nd base 1-0: Ball 2-0: Called Strike 2-1: Called Strike 2-2: Foul Ball, location: 2F 2-2: Strikes out swinging
|
Top of the 1st over - 0 run(s), 0 hit(s), 0 error(s), 0 left on base; Bismarck 0 - La Crosse 0 |
BOTTOM OF THE 1ST |
La Crosse Loggers batting - Pitching for Bismarck Barons : RHP Ignacio Torres
|
Pitching: RHP Ignacio Torres
|
|
Batting: RHB James Jenkins
|
0-0: Ball 1-0: Ground out U3 (Groundball, 3S)
|
Batting: RHB Robert Acosta
|
0-0: Foul Ball, location: 2F 0-1: Foul Ball, location: 2F 0-2: Fly out, F8 (Flyball, 8RD)
|
Batting: LHB George Smith
|
0-0: Foul Ball, location: 2F 0-1: Ball 1-1: Called Strike 1-2: Fly out, F8 (Popup, 6MD)
|
Bottom of the 1st over - 0 run(s), 0 hit(s), 0 error(s), 0 left on base; Bismarck 0 - La Crosse 0 |
TOP OF THE 2ND |
Bismarck Barons batting - Pitching for La Crosse Loggers : RHP Jaime Martínez
|
Batting: SHB António De La Cruz
|
0-0: Ball 1-0: Ball 2-0: Ball 3-0: Called Strike 3-1: Foul Ball, location: 2F 3-2: Base on Balls
|
Batting: RHB Seiji Kouno
|
0-0: Ball 1-0: Swinging Strike 1-1: Foul Ball, location: 2F 1-2: DOUBLE (Flyball, 89XD) António De La Cruz to third
|
Batting: RHB Herb Bunch
|
0-0: Swinging Strike 0-1: Foul Ball, location: 2F 0-2: Ball 1-2: Ball 2-2: Foul Ball, location: 2F 2-2: Strikes out looking
|
Batting: SHB Jeff Chambers
|
0-0: 3-RUN HOME RUN (Flyball, 89XD) (Inside the Park)
|
Batting: RHB Michael Thomas
|
0-0: Called Strike 0-1: Ball 1-1: Ball 2-1: SOLO HOME RUN (Flyball, 7D), Distance : 359 ft
|
Batting: LHB Jorge Fernández
|
0-0: Ball 1-0: Ground out 4-3 (Groundball, 4D)
|
Batting: LHB John Frost
|
0-0: Ball 1-0: Called Strike 1-1: Ground out 6-3 (Groundball, 6)
|
Top of the 2nd over - 4 run(s), 3 hit(s), 0 error(s), 0 left on base; Bismarck 4 - La Crosse 0 |
BOTTOM OF THE 2ND |
La Crosse Loggers batting - Pitching for Bismarck Barons : RHP Ignacio Torres
|
Batting: RHB Danny Campbell
|
0-0: Called Strike 0-1: Swinging Strike 0-2: Strikes out looking
|
Batting: LHB Alex Henderson
|
0-0: Foul Ball, location: 2F 0-1: Ball 1-1: Ball 2-1: DOUBLE (Line Drive, 3L)
|
Batting: RHB Dick Slagboom
|
0-0: Called Strike 0-1: Ball 1-1: Ball 2-1: Ball 3-1: Base on Balls
|
Batting: RHB Kirk Powell
|
0-0: Foul Ball, location: 2F 0-1: Swinging Strike 0-2: Ball 1-2: Ball 2-2: Ball 3-2: Strikes out looking
|
Batting: RHB Paul Richard
|
0-0: Ball 1-0: Foul Ball, location: 2F 1-1: Ball 2-1: Fly out, F7 (Flyball, 7M)
|
Bottom of the 2nd over - 0 run(s), 1 hit(s), 0 error(s), 2 left on base; Bismarck 4 - La Crosse 0 |
TOP OF THE 3RD |
Bismarck Barons batting - Pitching for La Crosse Loggers : RHP Jaime Martínez
|
Batting: RHB Norm Francis
|
0-0: Ball 1-0: Swinging Strike 1-1: Called Strike 1-2: Foul Ball, location: 2F 1-2: Ball 2-2: Foul Ball, location: 2F 2-2: Ball 3-2: Foul Ball, location: 2F 3-2: Fly out, F7 (Line Drive, 78M)
|
Batting: LHB Edwin Ryan
|
0-0: Called Strike 0-1: Foul Ball, location: 2F 0-2: Foul Ball, location: 2F 0-2: Foul Ball, location: 2F 0-2: Ball 1-2: DOUBLE (Line Drive, 9LM)
|
Batting: SHB António De La Cruz
|
0-0: Ball 1-0: Foul Ball, location: 2F 1-1: Ball 2-1: Fly out, F9 (Flyball, 89M)
|
Batting: RHB Seiji Kouno
|
0-0: Called Strike 0-1: Swinging Strike 0-2: Strikes out looking
|
Top of the 3rd over - 0 run(s), 1 hit(s), 0 error(s), 1 left on base; Bismarck 4 - La Crosse 0 |
BOTTOM OF THE 3RD |
La Crosse Loggers batting - Pitching for Bismarck Barons : RHP Ignacio Torres
|
Batting: LHB Brock Miller
|
0-0: Ball 1-0: Called Strike 1-1: Swinging Strike 1-2: Ball 2-2: Ground out 4-3 (Groundball, 4M)
|
Batting: RHB James Jenkins
|
0-0: Foul Ball, location: 2F 0-1: Foul Ball, location: 2F 0-2: Ball 1-2: Fly out, F9 (Line Drive, 9M)
|
Batting: RHB Robert Acosta
|
0-0: Called Strike 0-1: Swinging Strike 0-2: Fly out, F7 (Flyball, 7LM)
|
Bottom of the 3rd over - 0 run(s), 0 hit(s), 0 error(s), 0 left on base; Bismarck 4 - La Crosse 0 |
TOP OF THE 4TH |
Bismarck Barons batting - Pitching for La Crosse Loggers : RHP Jaime Martínez
|
Batting: RHB Herb Bunch
|
0-0: Called Strike 0-1: Ball 1-1: Ball 2-1: Ball 3-1: Swinging Strike 3-2: Foul Ball, location: 2F 3-2: Foul Ball, location: 2F 3-2: Strikes out swinging
|
Batting: SHB Jeff Chambers
|
0-0: Foul Ball, location: 2F 0-1: Called Strike 0-2: Strikes out swinging
|
Batting: RHB Michael Thomas
|
0-0: Ball 1-0: DOUBLE (Line Drive, 7LD)
|
Batting: LHB Jorge Fernández
|
0-0: Ball 1-0: Ball 2-0: Swinging Strike 2-1: Fly out, F2 (Popup, 2LF)
|
Top of the 4th over - 0 run(s), 1 hit(s), 0 error(s), 1 left on base; Bismarck 4 - La Crosse 0 |
BOTTOM OF THE 4TH |
La Crosse Loggers batting - Pitching for Bismarck Barons : RHP Ignacio Torres
|
Batting: LHB George Smith
|
0-0: Swinging Strike 0-1: Ball 1-1: Ground out 6-3 (Groundball, 6M)
|
Batting: RHB Danny Campbell
|
0-0: Ball 1-0: Fly out, F8 (Flyball, 8RM)
|
Batting: LHB Alex Henderson
|
0-0: Ball 1-0: SINGLE (Groundball, 4MD)
|
Batting: RHB Dick Slagboom
|
0-0: Called Strike 0-1: Called Strike 0-2: Fly out, F7 (Flyball, 7M)
|
Bottom of the 4th over - 0 run(s), 1 hit(s), 0 error(s), 1 left on base; Bismarck 4 - La Crosse 0 |
TOP OF THE 5TH |
Bismarck Barons batting - Pitching for La Crosse Loggers : RHP Jaime Martínez
|
Batting: LHB John Frost
|
0-0: Called Strike 0-1: Ball 1-1: Swinging Strike 1-2: Foul Ball, location: 2F 1-2: Ball 2-2: Ball 3-2: Foul Ball, location: 2F 3-2: Fly out, F8 (Flyball, 8LS)
|
Batting: RHB Norm Francis
|
0-0: Foul Ball, location: 2F 0-1: Ball 1-1: Called Strike 1-2: Ball 2-2: Ball 3-2: Strikes out swinging
|
Batting: LHB Edwin Ryan
|
0-0: Called Strike 0-1: Ground out 4-3 (Groundball, 4)
|
Top of the 5th over - 0 run(s), 0 hit(s), 0 error(s), 0 left on base; Bismarck 4 - La Crosse 0 |
BOTTOM OF THE 5TH |
La Crosse Loggers batting - Pitching for Bismarck Barons : RHP Ignacio Torres
|
Batting: RHB Kirk Powell
|
0-0: Ball 1-0: Fly out, F9 (Flyball, 9S)
|
Batting: RHB Paul Richard
|
0-0: Called Strike 0-1: Ball 1-1: Fly out, F9 (Flyball, 9M)
|
Batting: LHB Brock Miller
|
0-0: Ball 1-0: Foul Ball, location: 2F 1-1: Ground out U3 (Groundball, 3S)
|
Bottom of the 5th over - 0 run(s), 0 hit(s), 0 error(s), 0 left on base; Bismarck 4 - La Crosse 0 |
TOP OF THE 6TH |
Bismarck Barons batting - Pitching for La Crosse Loggers : RHP Jaime Martínez
|
Pitching: RHP Willie Alexander
|
|
Batting: SHB António De La Cruz
|
0-0: Ground out U3 (Groundball, 3)
|
Batting: RHB Seiji Kouno
|
0-0: Ground out 5-3 (Groundball, 56)
|
Batting: RHB Herb Bunch
|
0-0: Called Strike 0-1: Ball 1-1: Foul Ball, location: 2F 1-2: Ball 2-2: Ball 3-2: Strikes out looking
|
Top of the 6th over - 0 run(s), 0 hit(s), 0 error(s), 0 left on base; Bismarck 4 - La Crosse 0 |
BOTTOM OF THE 6TH |
La Crosse Loggers batting - Pitching for Bismarck Barons : RHP Ignacio Torres
|
Batting: RHB James Jenkins
|
0-0: Ball 1-0: Ground out 3-1 (Groundball, 3)
|
Batting: RHB Robert Acosta
|
0-0: Foul Ball, location: 2F 0-1: Called Strike 0-2: SINGLE (Groundball, 6MD)
|
Batting: LHB George Smith
|
0-0: Ball 1-0: Called Strike 1-1: Called Strike 1-2: Ball 2-2: Foul Ball, location: 2F 2-2: Fielders Choice at 2nd, 3-6 (Groundball, 3)
|
Batting: RHB Danny Campbell
|
0-0: Ball 1-0: Ground out 2-3 (Groundball, 2R)
|
Bottom of the 6th over - 0 run(s), 1 hit(s), 0 error(s), 1 left on base; Bismarck 4 - La Crosse 0 |
TOP OF THE 7TH |
Bismarck Barons batting - Pitching for La Crosse Loggers : RHP Willie Alexander
|
Batting: SHB Jeff Chambers
|
0-0: Foul Ball, location: 2F 0-1: Called Strike 0-2: Strikes out looking
|
Batting: RHB Michael Thomas
|
0-0: Called Strike 0-1: Called Strike 0-2: Ball 1-2: Ball 2-2: Strikes out swinging
|
Batting: LHB Jorge Fernández
|
0-0: Ball 1-0: Ground out 6-3 (Groundball, 6M)
|
Top of the 7th over - 0 run(s), 0 hit(s), 0 error(s), 0 left on base; Bismarck 4 - La Crosse 0 |
BOTTOM OF THE 7TH |
La Crosse Loggers batting - Pitching for Bismarck Barons : RHP Ignacio Torres
|
Batting: LHB Alex Henderson
|
0-0: Ball 1-0: Swinging Strike 1-1: Foul Ball, location: 2F 1-2: Fly out, F7 (Flyball, 78M)
|
Batting: RHB Dick Slagboom
|
0-0: Called Strike 0-1: Ball 1-1: Foul Ball, location: 2F 1-2: Strikes out swinging
|
Batting: RHB Kirk Powell
|
0-0: Called Strike 0-1: Fly out, F3 (Popup, 34)
|
Bottom of the 7th over - 0 run(s), 0 hit(s), 0 error(s), 0 left on base; Bismarck 4 - La Crosse 0 |
TOP OF THE 8TH |
Bismarck Barons batting - Pitching for La Crosse Loggers : RHP Willie Alexander
|
Pitching: LHP Nathan Ortíz
|
|
Batting: LHB John Frost
|
0-0: Foul Ball, location: 2F 0-1: Swinging Strike 0-2: Ball 1-2: Strikes out swinging
|
Batting: RHB Norm Francis
|
0-0: Called Strike 0-1: Foul Ball, location: 2F 0-2: Hit by Pitch
|
Batting: LHB Edwin Ryan
|
0-0: Ball Passed Ball! Norm Francis to second 1-0: Called Strike 1-1: Called Strike 1-2: Ball 2-2: Strikes out looking
|
Batting: SHB António De La Cruz
|
0-0: Ball 1-0: Ball 2-0: Ball 3-0: Called Strike 3-1: Base on Balls
|
Batting: RHB Seiji Kouno
|
0-0: Called Strike 0-1: Ball 1-1: Ball 2-1: Foul Ball, location: 2F 2-2: DOUBLE (Flyball, 9D) Norm Francis scores António De La Cruz to third Runner from 3rd tries for Home, throw and OUT!
|
Top of the 8th over - 1 run(s), 1 hit(s), 0 error(s), 1 left on base; Bismarck 5 - La Crosse 0 |
BOTTOM OF THE 8TH |
La Crosse Loggers batting - Pitching for Bismarck Barons : RHP Ignacio Torres
|
Batting: RHB Paul Richard
|
0-0: Fly out, F7 (Line Drive, 78S)
|
Batting: LHB Brock Miller
|
0-0: Called Strike 0-1: Ball 1-1: Ball 2-1: Reached on error, E4 (Groundball, 34)
|
Batting: RHB James Jenkins
|
0-0: Called Strike 0-1: Ball 1-1: Foul Ball, location: 2F 1-2: Foul Ball, location: 2F 1-2: Ball 2-2: Ball 3-2: Strikes out looking
|
Pitching: RHP Francisco Anaya
|
|
Batting: RHB Robert Acosta
|
0-0: Called Strike 0-1: Foul Ball, location: 2F 0-2: Foul Ball, location: 2F 0-2: SINGLE (Popup, 3D) Brock Miller to second Runner from 2nd tries for 3rd, SAFE, throw made to third
|
Batting: LHB George Smith
|
0-0: Foul Ball, location: 2F 0-1: Foul Ball, location: 2F 0-2: Fly out, F8 (Flyball, 8LD)
|
Bottom of the 8th over - 0 run(s), 1 hit(s), 1 error(s), 2 left on base; Bismarck 5 - La Crosse 0 |
TOP OF THE 9TH |
Bismarck Barons batting - Pitching for La Crosse Loggers : LHP Nathan Ortíz
|
Batting: RHB Herb Bunch
|
0-0: Swinging Strike 0-1: Ball 1-1: Foul Ball, location: 2F 1-2: Ball 2-2: Strikes out swinging
|
Batting: SHB Jeff Chambers
|
0-0: Foul Ball, location: 2F 0-1: Ball 1-1: Fly out, F9 (Line Drive, 9M)
|
Batting: RHB Michael Thomas
|
0-0: Foul Ball, location: 2F 0-1: Swinging Strike 0-2: Strikes out swinging
|
Top of the 9th over - 0 run(s), 0 hit(s), 0 error(s), 0 left on base; Bismarck 5 - La Crosse 0 |
BOTTOM OF THE 9TH |
La Crosse Loggers batting - Pitching for Bismarck Barons : RHP Francisco Anaya
|
Pitching: LHP Rob Lucas
|
|
Batting: RHB Danny Campbell
|
0-0: Ball 1-0: Swinging Strike 1-1: Ball 2-1: Swinging Strike 2-2: Foul Ball, location: 2F 2-2: Ball 3-2: Base on Balls
|
Batting: LHB Alex Henderson
|
0-0: Called Strike 0-1: Foul Ball, location: 2F 0-2: Ball 1-2: Ground out 3-1 (Groundball, 34) Danny Campbell to second
|
Batting: RHB Dick Slagboom
|
0-0: Called Strike 0-1: Swinging Strike 0-2: Ball 1-2: Ball 2-2: Strikes out swinging
|
Batting: RHB Kirk Powell
|
0-0: Called Strike 0-1: Ball 1-1: Foul Ball, location: 2F 1-2: Fly out, F9 (Popup, 89S)
|
Bottom of the 9th over - 0 run(s), 0 hit(s), 0 error(s), 1 left on base; Bismarck 5 - La Crosse 0 |
|